 Dungeon Crawl Stone Soup version 0.16.1-4-g8e1b745 (console) character file.

21 gw the Digger (level 3, 0/20 HPs)
             Began as a Kobold Earth Elementalist on Mar 27, 2015.
             Succumbed to an adder's poison
             ... on level 2 of the Dungeon.
             The game lasted 00:01:17 (1157 turns).

gw the Digger (Kobold Earth Elementalist)           Turns: 1157, Time: 00:01:17

Health: 0/20       AC:  5    Str:  6    XL:     3   Next: 5%
Magic:  0/6        EV: 14    Int: 14    God:
Gold:   89         SH:  0    Dex: 16    Spells: 3 memorised, 0 levels left

rFire  + . .     SeeInvis .     b - +0 dagger
rCold  . . .     Clarity  .     m - +0 leather armour
rNeg   . . .     SustAb   .     (no shield)
rPois  .         Gourm    .     (no helmet)
rElec  .         Spirit   .     (no cloak)
rCorr  .         Warding  .     (no gloves)
rMut   .         Stasis   .     (no boots)
MR     .....                    (no amulet)
Stlth  ++........               (no ring)
                                e - ring of protection from fire

@: lethally poisoned (0 -> -5), stone skin, not resistant to hostile
enchantments, unstealthy
A: carnivore 3
a: no special abilities


You were on level 2 of the Dungeon.
You were full.

You visited 1 branch of the dungeon, and saw 2 of its levels.

You collected 89 gold pieces.

Inventory:

Hand weapons
 b - a +0 dagger (weapon)
Missiles
 h - 21 stones (quivered)
 o - 13 poisoned needles
Armour
 m - a +0 leather armour (worn)
Jewellery
 e - a ring of protection from fire (left hand)
Books
 d - a book of Geomancy

   Spells                             Type                      Level
   a - Sandblast                      Earth                        1
   b - Stoneskin                      Transmutation/Earth          2
   c - Passwall                       Transmutation/Earth          3
   d - Stone Arrow                    Conjuration/Earth            3
   e - Petrify                        Transmutation/Earth          4
   f - Lee's Rapid Deconstruction     Earth                        5
Comestibles
 a - a meat ration
 f - a beef jerky
 i - a royal jelly


   Skills:
 + Level 0.7 Fighting
 + Level 1.0 Short Blades
 + Level 2.8 Dodging
 - Level 2.6 Stealth
 * Level 2.3 Spellcasting
 - Level 0.8 Transmutations
 + Level 3.2 Earth Magic


You couldn't memorise any spells.
You knew the following spells:

 Your Spells              Type           Power        Failure   Level  Hunger
a - Sandblast             Erth           ##....       12%         1    #......
b - Stoneskin             Trmt/Erth      #.......     24%         2    ###....
c - Stone Arrow           Conj/Erth      #.....       63%         3    ###....


Dungeon Overview and Level Annotations

Branches:
Dungeon (2/15)

Altars:


Innate Abilities, Weirdness & Mutations

You are small and have problems with some larger weapons.
You are carnivorous and can eat meat at any time.


Message History

The adder is heavily wounded.
The adder closely misses you.
Unknown command.
Unknown command.
Unknown command.
Unknown command.
ATTACKING (-1,1)
You barely miss the adder.
The adder is heavily wounded.
The adder bites you.
You are lethally poisoned!
The adder poisons you!
Unknown command.
Unknown command.
Unknown command.
Unknown command.
ATTACKING (-1,1)
You barely miss the adder.
The adder is heavily wounded.
You die...

....##.########
...............# .
#.....# ....#.....+
...........### #
.........<..#..###
#..................
###+#.....#....#.#
#+#+#K#.#....
#.....S.# # #..
#......"# .
........# .......$#
.......# .......
+#>... ...


You could see an adder.

Table legend:
 A = Turns spent in this place as a percentage of turns spent in the entire game.
 B = Non-inter-level travel turns spent in this place as a percentage of non-inter-level travel turns spent in the entire game.
 C = Inter-level travel turns spent in this place as a percentage of turns spent in this place.
 D = Turns resting spent in this place as a percentage of non-inter-level travel turns spent in this place.
 E = Turns spent auto-exploring this place as a percentage of non-inter-level travel turns spent in this place.
 F = Non-inter-level travel turns spent in this place divided by the number of levels of this place that you've seen.
                   A       B       C       D       E      F
               +-------+-------+-------+-------+-------+----------------------
         Total | 100.0 | 100.0 |   0.6 |   1.9 |   2.4 | 801.0
       Dungeon | 100.0 | 100.0 |   0.6 |   1.9 |   2.4 | 801.0
               +-------+-------+-------+-------+-------+----------------------

Table legend:
 A = Kills in this place as a percentage of kills in entire the game.
 B = Kills by you in this place as a percentage of kills by you in the entire game.
 C = Kills by friends in this place as a percentage of kills by friends in the entire game.
 D = Other kills in this place as a percentage of other kills in the entire game.
 E = Experience gained in this place as a percentage of experience gained in the entire game.
 F = Experience gained in this place divided by the number of levels of this place that you have seen.
                   A       B       C       D       E      F
               +-------+-------+-------+-------+-------+----------------------
         Total | 100.0 | 100.0 |  -nan |  -nan | 100.0 |  15.5
       Dungeon | 100.0 | 100.0 |  -nan |  -nan | 100.0 |  15.5
               +-------+-------+-------+-------+-------+----------------------

Vanquished Creatures
  An adder (D:2)
  2 hobgoblins (D:1)
  2 giant cockroaches (D:1)
  2 giant newts (D:1)
  3 goblins
  3 kobolds (D:1)
  A rat (D:1)
14 creatures vanquished.

Notes
Turn   | Place    | Note
--------------------------------------------------------------
     0 | D:1      | gw, the Kobold Earth Elementalist, began the quest for the Orb.
     0 | D:1      | Reached XP level 1. HP: 10/10 MP: 3/3
   363 | D:1      | Reached XP level 2. HP: 15/15 MP: 1/4
   398 | D:1      | Learned a level 2 spell: Stoneskin
  1036 | D:2      | Reached skill level 1 in Short Blades
  1036 | D:2      | Reached XP level 3. HP: 15/20 MP: 0/6
  1122 | D:2      | Learned a level 3 spell: Stone Arrow
  1156 | D:2      | HP: 1/20 [adder (2)]
  1157 | D:2      | Succumbed to an adder's poison

Action                   || total
-------------------------++-------
Melee: Dagger            ||    34
Throw: Stone             ||    26
 Cast: Sandblast         ||    21
       Stoneskin         ||     5
  Use: Scroll            ||     5
       Potion            ||     1
  Eat: Chunk             ||     7

Vault maps used:
D:1:      lemuel_arrival_behind_the_door_large, kennysheep_crisscross,
          minmay_misc_feat_encased, minmay_misc_feat_four_crosses,
          corexii_item_surrounded_by_moat
D:2:      minmay_misc_feat_square, okawaru_ov_weapons_minmay
